 Dungeon Crawl Stone Soup version 0.28-a0-983-g1de4e0787c (webtiles) character file.

Game seed: 2053958299290444845

156 GregHouse the Chopper (level 5, -7/48 HPs)
             Began as a Hill Orc Monk on Dec 3, 2021.
             Mangled by an ogre (9 damage)
             ... on level 3 of the Dungeon.
             The game lasted 00:12:15 (4478 turns).

GregHouse the Chopper (Hill Orc Monk)               Turns: 4478, Time: 00:12:15

Health: -7/48      AC:  9    Str: 16    XL:     5   Next: 38%
Magic:  5/5        EV:  7    Int: 10    God:
Gold:   155        SH:  0    Dex: 13    Spells: 4/4 levels left

rFire   . . .      SeeInvis .   a - +0 hand axe
rCold   . . .      Faith    .   (no shield)
rNeg    . . .      Spirit   .   n - +0 chain mail
rPois   .          Reflect  .   (no helmet)
rElec   .          Harm     .   (no cloak)
rCorr   .          Rampage  .   d - +0 pair of gloves
Will    .....                   (no boots)
Stlth   ..........              (no amulet)
HPRegen 0.16/turn               (no ring)
MPRegen 0.09/turn               (no ring)

@: no status effects
A: no striking features
a: no special abilities


You were on level 3 of the Dungeon.
You visited 1 branch of the dungeon, and saw 4 of its levels.

You collected 155 gold pieces.

Inventory:

Hand Weapons
 a - a +0 hand axe (weapon)
 i - a +2 dagger of flaming
 l - a +0 dagger
Missiles
 e - 110 stones (quivered)
 p - 10 poisoned darts
Armour
 d - a +0 pair of gloves (worn)
 n - a +0 chain mail (worn)
Jewellery
 o - a ring of see invisible
Wands
 k - a wand of flame (12)
Scrolls
 g - a scroll of teleportation {unknown}
 m - a scroll of fog {unknown}
Potions
 c - a potion of might {unknown}
 h - 2 potions of curing


   Skills:
 + Level 5.0 Fighting
 + Level 5.9 Axes
 + Level 1.1 Armour
 - Level 2.4 Dodging
 + Level 2.4 Stealth


You had 4 spell levels left.
You didn't know any spells.
Your spell library contained the following spells:

 Spells                   Type           Power      Damage    Failure   Level
 Foxfire                  Conj/Fire      0%         2x1d4     100%        1
 Magic Dart               Conj           0%         1d3       100%        1
 Call Imp                 Summ           0%         N/A       100%        2
 Conjure Flame            Conj/Fire      0%         6-21      100%        3
 Inner Flame              Hex/Fire       0%         N/A       100%        3
 Mephitic Cloud           Conj/Pois/Air  0%         N/A       100%        3
 Summon Guardian Golem    Hex/Summ       0%         N/A       100%        3
 Tukima's Dance           Hex            0%         N/A       100%        3
 Flame Wave               Conj/Fire      0%         2d4       100%        4
 Passage of Golubria      Tloc           0%         N/A       100%        4
 Yara's Violent Unravell  Hex/Tmut       0%         3d3       100%        5
 Orb of Destruction       Conj           0%         N/A       100%        7
 Spellforged Servitor     Conj/Summ      0%         N/A       100%        7


Dungeon Overview and Level Annotations

Branches:
Dungeon (4/15)
 Temple: D:4-7

Altars:
Elyvilon
Makhleb
Qazlal
Yredelemnul

Annotations:
D:3 exclusion: downstairs


Message History

You see here a ball python skeleton.
There is an open door here.
You see here a +0 short sword.
Done exploring.
Search for what [Enter for "."]? .
You see here 10 poisoned darts.
p - 10 poisoned darts You drop 26 sling bullets.
You drop a +0 robe.
There is an escape hatch in the floor here.
There is an open door here.
You open the door.
There is an open door here.
You see here a +0 club.
There is a stone staircase leading down here.
You climb downwards.
There is a stone staircase leading up here.
Found 2 gold pieces and a book of Vapours.
A worm and an ogre come into view.
The ogre shouts!
A ball python comes into view.
The ogre moves out of view.
The ball python hisses angrily.
There is a stone staircase leading up here.
The ogre hits you with a +0 giant club!!
Ouch! That really hurt!
You climb upwards.
Level annotation: exclusion: downstairs
There is a stone staircase leading down here.
You slash the ogre!
The ogre is moderately wounded.
You barely miss the ogre.
The ogre is moderately wounded.
The ogre hits you with a +0 giant club!!
* * * LOW HITPOINT WARNING * * *
As you read the scroll labelled LEYNERR HIMOXI, it crumbles to dust.
It is a scroll of identify.
h - 2 potions of curing The ogre hits you with a +0 giant club!
You die...

#.#†####.#.#.#.#
#.#....#.#...#.#
#######.####...#.###.#
....#......#.###.# #.#
....#............# #.#
....#..###'###.### #.#
....#..# #.# #..# #.#
....#..###.###..## #.#
....)..+.._..'.O@# #.#
....#..#######..####.#
....#..# ### #.......#
....#..#######.#######
###.#......).....# #
#.#.#.########.#
###.#.#.# #.#
.##.....# #.#
.####'###### #.#


You could see an ogre.

Vanquished Creatures
  A gnoll (D:3)
  5 adders
  2 worms (D:2)
  2 dart slugs (D:1)
  3 orcs (D:3)
  5 ball pythons
  7 bats
  6 endoplasms
  4 giant cockroaches
  11 hobgoblins
  3 jackals (D:1)
  4 kobolds
  7 quokkas
  5 frilled lizards
  8 goblins
  7 rats
80 creatures vanquished.

Notes
Turn   | Place    | Note
-------+----------+-------------------------------------------
     0 | D:1      | GregHouse the Hill Orc Monk began the quest for the Orb.
     0 | D:1      | Reached XP level 1. HP: 19/19 MP: 1/1
   293 | D:1      | Reached XP level 2. HP: 27/27 MP: 2/2
   772 | D:1      | Reached XP level 3. HP: 34/34 MP: 3/3
  1081 | D:1      | Reached skill level 5 in Axes
  1743 | D:3      | Found a basalt altar of Yredelemnul.
  2081 | D:2      | Reached XP level 4. HP: 26/41 MP: 4/4
  2190 | D:2      | Found a faded altar of an unknown god.
  3284 | D:3      | Found a stormy altar of Qazlal.
  3410 | D:3      | Found a burning altar of Makhleb.
  3412 | D:3      | Noticed an Executioner
  3783 | D:3      | Reached XP level 5. HP: 44/47 MP: 5/5
  3963 | D:3      | Found a white marble altar of Elyvilon.
  4177 | D:3      | Reached skill level 1 in Armour
  4212 | D:3      | Reached skill level 5 in Fighting
  4466 | D:4      | Noticed an ogre
  4477 | D:3      | HP: 2/48 [ogre (23)]
  4478 | D:3      | Mangled by an ogre

Illustrated notes

Levels and vault maps discovered:
D:1:      mainiacjoe_arrival_reflecting_pool, layout_loops_cross,
          minmay_worlds_worst_comb
D:2:      layout_basic, basic_ecumenical_altar, st_stairs_13
D:3:      minmay_chambers_of_twos, layout_basic, lemuel_doored_altar,
          makhleb_altar_promises_db, mainiacjoe_overflow_24_doors,
          amcnicky_altar_gilded
D:4:      layout_cave_pools, beargit_hepliaklqana_dungeon_heroes,
          kennysheep_mini_moat, nicolae_overflow_squiral

Skill      XL: |  1  2  3  4  5 |
---------------+----------------+-----
Fighting       | 4 5 |  5.0
Axes           | 5 |  5.9
Stealth        | 2 |  2.4
Armour         | 1 |  1.1
Dodging        | |  2.4

Action                   |  1- 3 |  4- 6 || total
-------------------------+-------+-------++-------
Melee: Hand axe          |   172 |   146 ||   318
Throw: Stone             |     1 |       ||     1
  Use: Scroll            |       |     1 ||     1
 Stab: Sleeping          |     7 |     2 ||     9
Armor: Robe              |    47 |    15 ||    62
       Chain mail        |       |    46 ||    46
Dodge: Dodged            |   103 |    54 ||   157

Table legend: (Time is in decaauts)
 A = Elapsed time spent in this place.
 B = Non-inter-level travel time spent in this place.
 C = Inter-level travel time spent in this place.
 D = Time resting spent in this place.
 E = Time spent auto-exploring this place.
 F = Levels seen in this place.
 G = Mean time per level.
                   A        B        C        D        E       F      G
               +--------+--------+--------+--------+--------+-----+--------+
         Total |   4499 |   4303 |    196 |   1044 |   1887 |   4 | 1124.8 |
       Dungeon |   4499 |   4303 |    196 |   1044 |   1887 |   4 | 1124.8 |
               +--------+--------+--------+--------+--------+-----+--------+

Top non-repeatable levels by time:
     D:2: 1697 daAuts
     D:1: 1563 daAuts
     D:3: 1217 daAuts
     D:4: 20 daAuts
